 Dungeon Crawl Stone Soup version 0.30-a0-777-ga9a30cbeda (webtiles) character file.

Game seed: 4879349882935796054

8413 mopl the Zephyrmancer (level 11, -7/74 HPs)
             Began as a Pale Draconian Air Elementalist on Feb 13, 2023.
             Was a Follower of Vehumet.
             Hit by a large rock thrown by a stone giant (19 damage)
             ... in a volcano.
             The game lasted 00:27:30 (8462 turns).

mopl the Zephyrmancer (DrAE)                        Turns: 8462, Time: 00:27:31

Health: -7/74      AC: 12    Str: 17    XL:     11   Next: 9%
Magic:  23/23      EV: 12    Int: 17    God:    Vehumet [*.....]
Gold:   304        SH:  0    Dex: 14    Spells: 4/26 levels left

rFire   . . .      SeeInvis .    l - +7 spear "Zege" {heavy, Fly Str+5 Int-2 Dex+3}
rCold   + . .      Faith    .    (no shield)
rNeg    . . .      Spirit   .    (body armour unavailable)
rPois   .          Reflect  .    (helmet restricted)
rElec   .          Harm     .    O - +0 cloak
rCorr   .          Rampage  .    E - +2 pair of gloves
Will    .....                    r - +0 pair of boots
Stlth   ++                       s - amulet "Hyfumior" {rC+ Regen+}
HPRegen 1.12/turn                u - ring of wizardry
MPRegen 0.18/turn                (no ring)

@: flying
A: breathe steam, AC +7, unfitting armour, cold-blooded, steam resistance
a: Breathe Steam, Renounce Religion


You were in a volcano.
You worshipped Vehumet.
Vehumet was aware of your devotion.
You visited 3 branches of the dungeon, and saw 12 of its levels.
You also visited: Ossuary and Volcano.

You collected 564 gold pieces.
You spent 260 gold pieces at shops.

Inventory:

Hand Weapons
 h - a +0 mace
 l - the +7 spear "Zege" (weapon) {heavy, Fly Str+5 Int-2 Dex+3}
   (You took it off a kobold on level 2 of the Dungeon)

   Str:       It affects your strength (+5).
   Int:       It affects your intelligence (-2).
   Dex:       It affects your dexterity (+3).
   Fly:       It grants you flight.
 z - a +0 short sword of venom
 B - a +0 halberd of flaming
Missiles
 c - 4 javelins
 g - 21 boomerangs
 o - 18 poisoned darts (quivered)
 q - 6 atropa-tipped darts
 L - 2 silver boomerangs
Armour
 r - a +0 pair of boots (worn)
 w - an orb of energy
 E - a +2 pair of gloves (worn)
 O - a +0 cloak (worn)
Jewellery
 s - the amulet "Hyfumior" (around neck) {rC+ Regen+}
   (You found it on level 2 of the Dungeon)

   [amulet of regeneration]

   rC:        It protects you from cold.
   Regen:     It increases your rate of health regeneration.
 u - a ring of wizardry (left hand)
 P - an amulet of magic regeneration
Scrolls
 e - 4 scrolls of poison
 k - 4 scrolls of amnesia
 m - 3 scrolls of enchant weapon
 n - 4 scrolls of teleportation
 t - 2 scrolls of immolation
 A - a scroll of magic mapping
 C - 2 scrolls of blinking
 D - a scroll of torment {!r}
 F - a scroll of butterflies {unknown}
 H - a scroll of vulnerability
 K - a scroll of fog {unknown}
 M - 2 scrolls of fear {unknown}
 N - 2 scrolls of brand weapon {unknown}
Potions
 a - 3 potions of magic
 b - a potion of resistance
 d - 3 potions of flight
 f - 2 potions of haste
 i - 5 potions of might
 j - a potion of lignification {!q}
 p - 7 potions of curing
 v - 3 potions of ambrosia
 I - 4 potions of mutation {!q}
 J - a potion of berserk rage {!q}


   Skills:
 - Level 1.7 Dodging
 - Level 1.7 Stealth
 + Level 8.1 Spellcasting
 + Level 8.6 Conjurations
 - Level 4.0 Translocations
 + Level 9.9 Air Magic
 + Level 8.7 Evocations


You had 4 spell levels left.
You knew the following spells:

 Your Spells              Type           Power      Damage    Failure   Level
a - Shock                 Conj/Air       100%       1d9       1%          1
b - Static Discharge      Conj/Air       76%        2-6/arc   1%          2
c - Arcjolt               Conj/Air       19%        1d29      2%          5
d - Lightning Bolt        Conj/Air       19%        1d33      2%          5
e - Blink                 Tloc           40%        N/A       1%          2
f - Airstrike             Air            20%        2d(3-19)  1%          4
n - Swiftness             Air            40%        N/A       1%          3

Your spell library contained the following spells:

 Spells                   Type           Power      Damage    Failure   Level
 Kiss of Death            Conj/Necr      84%        2d11      1%          1
 Lesser Beckoning         Tloc           40%        N/A       1%          2
 Momentum Strike          Conj/Tloc      56%        3d9       1%          2
 Vhi's Electric Charge    Tloc/Air       60%        N/A       1%          3
 Slow                     Hex            24%        N/A       4%          1
 Ensorcelled Hibernation  Hex/Ice        12%        N/A       6%          2
 Scorch                   Fire           12%        2d5       6%          2
 Portal Projectile        Hex/Tloc       26%        N/A       6%          3
 Flame Wave               Conj/Fire      21%        2d8       8%          4
 Call Canine Familiar     Summ           6%         N/A       12%         3
 Confusing Touch          Hex            6%         N/A       12%         3
 Spider Form              Tmut/Pois      6%         N/A       12%         3
 Vampiric Draining        Necr           6%         2d6       12%         3
 Anguish                  Hex/Necr       3%         N/A       38%         4
 Leda's Liquefaction      Hex/Erth       3%         N/A       38%         4
 Summon Cactus Giant      Summ           3%         N/A       99%         6


Dungeon Overview and Level Annotations

Branches:
Dungeon (10/15)            Temple (1/1) D:4            Lair (0/5) D:8
    Orc (1/2) D:9         Ossuary (visited)         Volcano (1/1)

Altars:
Ashenzari
Cheibriados
Dithmenos
Elyvilon
Fedhas
Gozag
Hepliaklqana
Kikubaaqudgha
Makhleb
Okawaru
Qazlal
Ru
Sif Muna
Trog
Uskayaw
Vehumet
Wu Jian
Xom
Yredelemnul
Zin
The Shining One

Shops:
D:6 *   Orc:1 *

Annotations:
D:8 bb


Innate Abilities, Weirdness & Mutations

You can breathe blasts of scalding, opaque steam.
Your pale cyan-grey scales are hard. (AC +7)
You cannot fit into any form of body armour.
You are cold-blooded and may be slowed by cold attacks.
You are immune to the effects of steam.


Message History

The earth elemental hits you!!
* * * LOW HITPOINT WARNING * * *
You are too injured to fight recklessly!
Reach: l) +7 spear "Zege" {heavy, Fly Str+5 Int-2 Dex+3}
Press: ? - help, Dir - move target, f/p - earth elemental
Aim: an earth elemental (severely damaged, about 15% to evade the +7 spear "Zege")
You reach to attack!
You puncture the earth elemental!
The earth elemental is almost destroyed.
Unknown command.
Reach: l) +7 spear "Zege" {heavy, Fly Str+5 Int-2 Dex+3}
Press: ? - help, Dir - move target, f/p - earth elemental
Aim: an earth elemental (almost destroyed, about 15% to evade the +7 spear "Zege")
You reach to attack!
You hit the earth elemental.
You destroy the earth elemental!
Vehumet accepts your kill.
Unknown command.
You start resting.
HP restored.
o - 13 poisoned darts (gained 1)
o - 17 poisoned darts (gained 4)
o - 18 poisoned darts (gained 1)
The air gets thick with the scent of sulphur.
In the distance, the volcano erupts with a roar.
You are engulfed in blazing flames.
Really fly into that cloud of flame?
Okay, then.
You start resting.
A stone giant is nearby!
You start resting.
HP restored.
Really read the scroll of poison?
The air fills with toxic fumes!
As you read the scroll of poison, it crumbles to dust.
The stone giant throws a large rock.
The large rock hits you!!!
The stone giant throws a large rock.
The large rock hits you!
The stone giant throws a large rock.
The large rock hits you!!
* * * LOW HITPOINT WARNING * * *
The stone giant throws a large rock.
The large rock closely misses you.
The stone giant throws a large rock.
The large rock hits you!!
You die...

##.§.≈≈§≈≈≈≈§§≈≈§≈≈≈§≈§§≈≈≈≈≈...
##....≈○§§§≈§§§§§☼§°○≈≈≈§≈§....
##...≈C§☼○≈§§☼☼§§☼○≈≈≈§≈≈.....
##..§≈§☼§☼☼§○○§≈○≈§≈≈≈≈≈...#.
###.°§§§§§§§○°§≈≈§≈≈≈≈...###
##§§§§§≈○○§§≈☼§≈§§≈...##
##☼§≈○≈§○§.§.§☼☼≈...##
#§§.§§○≈§§☼###§.§.##
##....○@○###∩####.#
##§§☼§§###....##.#
#☼§☼§###.....###.#
##○§###.##∩###..## #○§#
##.###..### #### ##.#.### #...#
#####


You could see a stone giant.

Vanquished Creatures
  An orc warlord (Orc:1)
  A gargoyle (Volcano)
  Maggie (D:7)
  An unseen horror (D:7)
  2 slime creatures (D:8)
  A shadow (D:9)
  5 fire bats (Volcano)
  4 yaks (D:9)
  3 wargs
  2 hell hounds (Orc:1)
  Duvessa (D:7)
  9 orc warriors
  3 sky beasts (D:6)
  A black bear (D:8)
  An ice beast (D:7)
  2 ogres (Orc:1)
  2 centaurs
  2 kobold brigands
  2 necrophages
  A gnoll sergeant (D:5)
  An earth elemental (Volcano)
  2 scorpions
  5 wights (D:8)
  Dowan (D:7)
  9 killer bees
  4 howler monkeys
  5 lava snakes (Volcano)
  A human zombie (Ossuary)
  A gnoll bouda (D:6)
  3 hounds
  7 orc priests
  4 iguanas
  Terence (D:2)
  11 orc wizards
  A hound zombie (Ossuary)
  4 mummies (Ossuary)
  10 gnolls
  10 adders
  A river rat (D:8)
  A shadow imp (D:7)
  An adder zombie (Ossuary)
  2 dart slugs
  36 orcs
  5 bats
  5 endoplasms
  5 giant cockroaches
  A gnoll zombie (Ossuary)
  8 goblins
  8 hobgoblins
  A jackal (D:2)
  15 kobolds
  5 quokkas
  7 ball pythons
  3 frilled lizards
  3 hobgoblin zombies (Ossuary)
  A jackal zombie (Ossuary)
  2 kobold zombies (Ossuary)
  An orc zombie (Ossuary)
  7 rats
  A rat zombie (Ossuary)
244 creatures vanquished.

Vanquished Creatures (others)
  An orc wizard (D:9)
  5 plants (D:1)
6 creatures vanquished.

Grand Total: 250 creatures vanquished

Notes
Turn   | Place    | Note
-------+----------+-------------------------------------------
     0 | D:1      | mopl the Draconian Air Elementalist began the quest for the
                  | Orb.
     0 | D:1      | Reached XP level 1. HP: 14/14 MP: 3/3
   153 | D:1      | Reached XP level 2. HP: 20/20 MP: 0/5
   156 | D:1      | Learned a level 2 spell: Static Discharge
   377 | D:1      | Found a faded altar of an unknown god.
   614 | D:2      | Reached XP level 3. HP: 26/26 MP: 3/6
   674 | D:2      | Identified the +7 spear "Zege" {heavy, Fly Str+5 Int-2
                  | Dex+3}
   678 | D:2      | Reached skill level 2 in Conjurations
   851 | D:2      | Identified the amulet "Hyfumior" {rC+ Regen+}
   987 | D:2      | Noticed Terence
   996 | D:2      | Killed Terence
   997 | D:2      | Reached XP level 4. HP: 27/33 MP: 1/8
  1141 | D:3      | Reached skill level 3 in Spellcasting
  1152 | D:3      | Learned a level 4 spell: Airstrike
  1154 | D:3      | You are sucked into a shaft and drop 2 floors!
  1154 | D:5      | Entered Level 5 of the Dungeon
  1254 | D:4      | Reached skill level 4 in Air Magic
  1328 | D:4      | Found a stormy altar of Qazlal.
  1727 | D:3      | Reached XP level 5. HP: 38/38 MP: 3/9
  1731 | D:3      | Reached skill level 3 in Conjurations
  2128 | D:4      | Reached skill level 1 in Evocations
  2155 | D:4      | Reached XP level 6. HP: 38/45 MP: 1/11
  2413 | D:4      | Found a sacrificial altar of Ru.
  2464 | D:4      | Found a staircase to the Ecumenical Temple.
  2473 | Temple   | Entered the Ecumenical Temple
  2899 | D:5      | Found an ornate altar of the Wu Jian Council.
  2914 | D:5      | Reached skill level 4 in Spellcasting
  2914 | D:5      | Reached skill level 2 in Evocations
  3090 | D:5      | Reached skill level 4 in Conjurations
  3090 | D:5      | Reached skill level 5 in Air Magic
  3090 | D:5      | Your scales start taking on a pale cyan-grey colour.
  3090 | D:5      | Reached XP level 7. HP: 36/50 MP: 3/13
  3090 | D:5      | Gained mutation: You are immune to the effects of steam.
                  | [Pale Draconian growth]
  3169 | D:5      | Learned a level 3 spell: Swiftness
  3172 | D:5      | Learned a level 2 spell: Blink
  3481 | D:6      | Reached skill level 1 in Translocations
  3481 | D:6      | Reached skill level 3 in Evocations
  3500 | D:6      | Found Siraesh's General Store.
  3504 | D:6      | Bought a scroll of identify for 26 gold pieces
  3504 | D:6      | Bought a scroll of poison for 52 gold pieces
  3504 | D:6      | Bought a scroll of vulnerability for 52 gold pieces
  3504 | D:6      | Bought a scroll of identify for 26 gold pieces
  3504 | D:6      | Bought a potion of mutation for 104 gold pieces
  3611 | D:6      | Reached skill level 6 in Air Magic
  3666 | D:6      | Reached skill level 2 in Translocations
  3666 | D:6      | Reached XP level 8. HP: 57/57 MP: 15/15
  3908 | D:6      | Reached skill level 4 in Evocations
  4048 | D:6      | Found a shadowy altar of Dithmenos.
  4058 | D:6      | Reached skill level 5 in Conjurations
  4062 | D:6      | Reached skill level 5 in Spellcasting
  4175 | D:6      | Reached skill level 3 in Translocations
  4477 | D:7      | Found a white marble altar of Elyvilon.
  4478 | D:7      | Found a glowing golden altar of the Shining One.
  4624 | D:7      | Killed an unseen horror
  4691 | D:7      | Reached skill level 5 in Evocations
  4781 | D:7      | Reached skill level 7 in Air Magic
  4794 | D:7      | Noticed Maggie
  4814 | D:7      | Reached XP level 9. HP: 57/62 MP: 11/17
  4913 | D:7      | Killed Maggie
  4914 | D:7      | Reached skill level 4 in Translocations
  4973 | D:7      | Noticed Dowan
  5058 | D:7      | Noticed Duvessa
  5064 | D:7      | Killed Duvessa
  5065 | D:7      | Reached skill level 6 in Conjurations
  5080 | D:7      | Killed Dowan
  5201 | D:7      | Found a hide-covered altar of Uskayaw.
  5216 | D:7      | Reached skill level 6 in Spellcasting
  5298 | D:8      | Learned a level 5 spell: Arcjolt
  5377 | D:8      | Reached skill level 6 in Evocations
  5462 | D:8      | Found a hazy altar of Hepliaklqana.
  5541 | D:8      | Noticed a death yak
  5543 | D:8      | Reached skill level 8 in Air Magic
  5545 | D:8      | Noticed a death yak
  5625 | D:8      | Noticed a death yak
  5639 | D:8      | Found a staircase to the Lair.
  5661 | D:8      | Found a sand-covered staircase.
  5684 | Ossuary  | Entered an ossuary
  6063 | D:8      | Reached skill level 7 in Conjurations
  6110 | D:9      | Found a shimmering blue altar of Sif Muna.
  6152 | D:9      | Identified the +5 dagger of Certain Death {spect, rC- rN+
                  | Dex+4}
  6300 | D:9      | Reached XP level 10. HP: 33/69 MP: 12/20
  6308 | D:9      | Reached skill level 7 in Evocations
  6451 | D:9      | Learned a level 5 spell: Lightning Bolt
  6468 | D:9      | Reached skill level 7 in Spellcasting
  6555 | D:9      | Found a staircase to the Orcish Mines.
  6585 | D:9      | Found a radiant altar of Vehumet.
  6587 | D:9      | Found a shimmering altar of Xom.
  6587 | D:9      | Found a basalt altar of Yredelemnul.
  6587 | D:9      | Found an iron altar of Okawaru.
  6591 | D:9      | Became a worshipper of Vehumet
  7180 | D:10     | Entered Level 10 of the Dungeon
  7181 | D:10     | Noticed a gargoyle
  7229 | Orc:1    | Entered Level 1 of the Orcish Mines
  7229 | Orc:1    | Noticed an orc warlord
  7234 | Orc:1    | Reached skill level 9 in Air Magic
  7235 | Orc:1    | Killed an orc warlord
  7236 | Orc:1    | Reached skill level 8 in Conjurations
  7236 | Orc:1    | Reached skill level 8 in Evocations
  7380 | Orc:1    | Reached * piety under Vehumet
  7380 | Orc:1    | Offered knowledge of Kiss of Death by Vehumet.
  7427 | Orc:1    | Found Ygizo's Assorted Antiques.
  7488 | Orc:1    | Found a dark tunnel.
  7497 | Volcano  | Entered a volcano
  7699 | Volcano  | Reached XP level 11. HP: 68/74 MP: 22/22
  7715 | Volcano  | Reached skill level 8 in Spellcasting
  7904 | Volcano  | Noticed a stone giant
  8462 | Volcano  | Hit by a large rock thrown by a stone giant

Illustrated notes

Levels and vault maps discovered:
D:1:      dpeg_arrival_pits, layout_rooms, shapermc_ecumenical_altar_hornbeckon
D:2:      layout_rooms, st_stairs_4, minmay_joined_circles, uniq_terence
D:3:      layout_rooms, serial_bayou_pond_e
D:4:      layout_basic, nicolae_overflow_crystal_walls, grunt_qazlal_sundering,
          minmay_temple_entry_water_ring, minmay_fractal_squares_diagonal_5
D:5:      layout_cave_pools, nicolae_wu_jian_wuxing_cycle, minmay_liquid_box
D:6:      layout_loops_corners, lemuel_round_altar, serial_shops, shop
D:7:      layout_basic, chequers_temple_overflow_statue_of_worship,
          mainiacjoe_overflow_24_doors, uniq_maggie, uniq_duvessa
D:8:      layout_basic, nicolae_hepliaklqana_hazy_memory, dpeg_lair_monsters,
          nicolae_ossuary_entry_false_entrances
D:9:      layout_irregular_city, grunt_temple_overflow_open,
          mainiacjoe_overflow_chevrons, david_orc_2
D:10:     layout_basic, mainiacjoe_overflow_small_starburst,
          biasface_ghost_orc_armoury, nicolae_concentric_dashed_squares_mild,
          uniq_snorg
Temple:   nicolae_temple_superstar
Orc:1:    layout_caves, basic_altar, serial_shops, nicolae_diamond_shop,
          enter_volcano_3
Volcano:  volcano_grotto [vgs_statue_spotlight]

Skill      XL: |  1  2  3  4  5  6  7  8  9 10 11 |
---------------+----------------------------------+-----
Conjurations   | 2 3 4 5 7 8 |  8.6
Spellcasting   | 3 4 5 6 7 8 |  8.1
Air Magic      | 4 5 6 7 8 9 |  9.9
Evocations     | 1 2 3 5 6 8 |  8.7
Translocations | 2 3 4 |  4.0
Dodging        | |  1.7
Stealth        | |  1.7

Action                     |  1- 3 |  4- 6 |  7- 9 | 10-12 || total
---------------------------+-------+-------+-------+-------++-------
  Melee: Unarmed           |    21 |       |       |       ||    21
         Tailslap          |     4 |     3 |    16 |     3 ||    26
         Punch             |     1 |       |     1 |       ||     2
         Mace              |     6 |       |       |       ||     6
         Spear             |    16 |    48 |   124 |    69 ||   257
  Throw: Dart              |       |     3 |       |    15 ||    18
   Cast: Shock             |    45 |   133 |    85 |    56 ||   319
         Static Discharge  |       |     2 |    21 |    22 ||    45
         Airstrike         |       |       |     9 |    17 ||    26
         Arcjolt           |       |       |     2 |     2 ||     4
         Blink             |       |       |     1 |       ||     1
         Lightning Bolt    |       |       |       |     5 ||     5
Ability: Breathe Steam     |       |       |    13 |     3 ||    16
    Use: Scroll            |       |     8 |     6 |     9 ||    23
         Potion            |       |       |     2 |     2 ||     4
   Stab: Sleeping          |       |       |     2 |       ||     2
 Armour: Skin              |    30 |    21 |    89 |    48 ||   188
  Dodge: Dodged            |    58 |    50 |   130 |    70 ||   308

Table legend: (Time is in decaauts)
 A = Elapsed time spent in this place.
 B = Non-inter-level travel time spent in this place.
 C = Inter-level travel time spent in this place.
 D = Time resting spent in this place.
 E = Time spent auto-exploring this place.
 F = Levels seen in this place.
 G = Mean time per level.
                   A        B        C        D        E       F      G
               +--------+--------+--------+--------+--------+-----+--------+
         Total |   8656 |   8319 |    337 |   1755 |   3770 |  14 |  618.3 |
       Dungeon |   7252 |   6928 |    324 |   1295 |   3505 |  10 |  725.2 |
        Temple |    101 |     88 |     13 |      0 |     80 |   1 |  101.0 |
  Orcish Mines |    129 |    129 |      0 |      0 |      0 |   1 |  129.0 |
       Ossuary |    178 |    178 |      0 |     11 |     93 |   1 |  178.0 |
       Volcano |    994 |    994 |      0 |    449 |     92 |   1 |  994.0 |
               +--------+--------+--------+--------+--------+-----+--------+

Top non-repeatable levels by time:
     D:9: 1289 daAuts
     D:6: 1243 daAuts
 Volcano: 994 daAuts
     D:4: 962 daAuts
     D:5: 700 daAuts
     D:2: 665 daAuts
     D:8: 661 daAuts
     D:7: 649 daAuts
     D:3: 602 daAuts
     D:1: 472 daAuts
 Ossuary: 178 daAuts
   Orc:1: 129 daAuts
  Temple: 101 daAuts
    D:10: 4 daAuts
